Map: Lightshade LE

Players

ButAlways - Winner!

  • Race: Protoss Protoss

ExpecT

  • Race: Terran Terran

Event: DreamHack SC2 Masters 2021 Fall

VOD

Have the link to the VOD?

Description

Time

  • Played on: July 31, 2021, 8:48 a.m.
  • Length: 14:24

All games in this series

Show
View Real Time Build Order
Export as new Build Order

ButAlways Protoss - Winner!

Build Orders: 1 Gate Expand, Phoenix Opening, Carriers, Colossus Rush 

Get SALT Encoding   

  12  0:00  Probe  
  13  0:12  Probe  
  14  0:16  Pylon  
  14  0:25  Probe  
  15  0:36  Gateway  
  15  0:37  Probe (Chrono Boost)  
  16  0:47  Assimilator, Probe (Chrono Boost)  
  17  0:52  Probe (Chrono Boost)  
  18  1:03  Probe  
  19  1:15  Probe  
  20  1:24  Nexus  
  20  1:35  Cybernetics Core  
  20  1:37  Probe  
  21  1:43  Assimilator  
  21  1:49  Probe  
  21  1:54  Pylon  
  22  2:01  Probe  
  23  2:09  Adept (Chrono Boost)  
  23  2:13  Probe  
  26  2:17  Stargate  
  26  2:25  Probe  
  26  2:32  Adept  
  26  2:34  Warp Gate  
  26  2:36  Probe  
  29  2:37  Probe  
  29  2:41  Shield Battery  
  30  2:48  Probe  
  30  2:49  Probe  
  32  3:00  Phoenix (Chrono Boost), Probe  
  32  3:02  Probe  
  36  3:05  Adept  
  36  3:12  Probe  
  39  3:16  Robotics Facility  
  39  3:19  Probe  
  40  3:27  Pylon, Probe  
  41  3:31  Phoenix  
  43  3:37  Shield Battery  
  43  3:39  Probe  
  43  3:40  Probe  
  45  3:51  Probe  
  45  3:52  Probe  
  46  4:02  Phoenix  
  48  4:03  Probe  
  48  4:04  Probe  
  48  4:09  Observer (Chrono Boost)  
  51  4:11  Assimilator  
  51  4:14  Assimilator  
  51  4:15  Pylon, Probe  
  51  4:16  Probe  
  53  4:21  Observer (Chrono Boost)  
  54  4:24  Pylon  
  54  4:33  Pylon, Probe x2  
  54  4:35  Phoenix (Chrono Boost)  
  58  4:43  Nexus  
  58  4:45  Probe x2  
  60  4:54  Observer  
  60  4:57  Probe x2  
  63  5:02  Robotics Bay  
  63  5:08  Zealot  
  63  5:09  Pylon  
  63  5:10  Phoenix, Probe x2  
  64  5:22  Forge, Probe x2  
  66  5:34  Probe x2  
  61  5:46  Probe x2  
  63  5:58  Probe x2  
  63  5:59  Colossus (Chrono Boost)  
  70  6:04  Probe  
  70  6:06  Observer  
  71  6:11  Photon Cannon  
  73  6:19  Zealot  
  73  6:23  Shield Battery, Probe x2  
  74  6:26  Probe  
  75  6:35  Phoenix, Probe  
  75  6:36  Probe  
  80  6:41  Observer  
  80  6:45  Zealot  
  80  6:46  Colossus (Chrono Boost)  
  82  6:47  Probe  
  88  6:58  Probe  
  88  6:59  Shield Battery x2, Probe  
  88  7:00  Probe  
  91  7:10  Probe  
  91  7:11  Probe  
  91  7:14  Probe  
  92  7:22  Probe  
  87  7:23  Probe  
  87  7:26  Probe  
  81  7:31  Colossus  
  81  7:32  Observer x2, Phoenix  
  81  7:34  Probe  
  81  7:35  Probe  
  91  7:38  Probe  
  91  7:43  Fleet Beacon  
  92  7:44  Assimilator x2  
  92  7:46  Photon Cannon, Probe  
  92  7:48  Photon Cannon  
  92  7:50  Probe x2  
  95  7:58  Probe  
  95  8:01  Stargate  
  95  8:02  Probe  
  95  8:03  Stargate  
  97  8:07  Pylon  
  97  8:09  Observer  
  97  8:11  Probe x2  
  101  8:13  Observer  
  101  8:16  Pylon  
  101  8:19  Pylon  
  101  8:25  Protoss Ground Weapons Level 1  
  101  8:29  Tempest  
  101  8:31  Protoss Air Weapons Level 1 (Chrono Boost)  
  104  8:38  Colossus  
  104  8:40  Nexus  
  110  8:41  Sentry  
  110  8:42  Shield Battery  
  112  8:54  Pylon, Carrier (Chrono Boost)  
  112  8:55  Probe  
  119  8:58  Probe  
  125  9:03  Tempest (Chrono Boost), Pylon  
  125  9:12  Probe x3  
  125  9:16  Pylon  
  128  9:19  Pylon, Carrier (Chrono Boost)  
  134  9:24  Probe  
  134  9:30  Immortal (Chrono Boost)  
  135  9:31  Pylon  
  135  9:34  Observer  
  135  9:35  Probe  
  135  9:37  Probe  
  141  9:43  Assimilator  
  141  9:45  Robotics Facility  
  146  9:46  Tempest (Chrono Boost), Assimilator  
  146  9:53  Shield Battery  
  146  9:55  Photon Cannon  
  146  10:05  Observer  
  155  10:07  Immortal  
  155  10:09  Tempest (Chrono Boost)  
  155  10:11  Carrier (Chrono Boost)  
  161  10:31  Carrier (Chrono Boost)  
  161  10:32  Protoss Air Weapons Level 2 (Chrono Boost)  
  161  10:33  Protoss Shields Level 1  
  167  10:42  Observer  
  167  10:44  Nexus  
  167  10:46  Observer  
  167  10:47  Cybernetics Core  
  167  10:49  Pylon  
  167  10:56  Carrier (Chrono Boost)  
  173  10:57  Pylon  
  173  11:00  Pylon  
  173  11:02  Pylon x2  
  173  11:05  Carrier (Chrono Boost)  
  173  11:09  Observer  
  179  11:12  Sentry  
  179  11:16  Immortal  
  189  11:18  Immortal  
  189  11:29  Assimilator  
  189  11:30  Protoss Air Armor Level 1 (Chrono Boost)  
  188  11:34  Photon Cannon  
  188  11:36  Carrier (Chrono Boost)  
  188  11:37  Assimilator  
  194  11:55  Observer, Stargate  
  194  11:57  Nexus, Observer, Stargate  
  194  11:58  Observer  
  194  12:00  Flux Vanes  
  196  12:11  Carrier  
  199  12:54  Twilight Council  
  199  12:57  Pylon  
  199  13:26  Stargate  
  199  13:28  Stargate  
  199  13:30  Pylon  
  199  13:31  Pylon  
Show
View Real Time Build Order
Export as new Build Order

ExpecT Terran 

Build Orders: 1/1/1 

Get SALT Encoding   

  12  0:00  SCV  
  13  0:12  SCV  
  14  0:17  Supply Depot  
  14  0:24  SCV  
  15  0:38  SCV  
  15  0:40  Barracks  
  16  0:43  Refinery  
  16  0:50  SCV  
  16  0:53  Refinery  
  17  1:02  SCV  
  18  1:15  SCV  
  19  1:27  Marine  
  19  1:28  Orbital Command  
  20  1:35  Factory  
  20  1:49  Barracks Reactor  
  20  1:51  Supply Depot  
  20  1:55  SCV  
  21  2:07  SCV  
  22  2:16  Supply Depot  
  22  2:19  SCV  
  22  2:21  Starport  
  23  2:32  Hellion x2  
  23  2:34  SCV  
  28  2:46  SCV  
  29  2:53  Hellion x2  
  29  2:57  Medivac  
  35  3:01  Supply Depot  
  35  3:11  Armory  
  35  3:16  Widow Mine x2  
  39  3:41  Command Center  
  39  3:44  Widow Mine x2  
  39  3:48  SCV  
  42  4:00  Barracks Tech Lab  
  40  4:03  SCV  
  40  4:06  Widow Mine x2, Medivac  
  43  4:21  Supply Depot  
  43  4:35  SCV  
  43  4:36  Marine x2  
  46  4:42  Viking, Cyclone  
  46  4:45  Supply Depot  
  51  4:47  Barracks  
  51  4:53  SCV  
  51  4:57  Orbital Command  
  51  4:58  Marine  
  51  4:59  Marine  
  54  5:05  SCV  
  55  5:14  Cyclone  
  55  5:18  Marine x2  
  55  5:21  SCV  
  57  5:29  Viking  
  57  5:30  SCV  
  57  5:33  SCV  
  61  5:39  Barracks Tech Lab  
  61  5:43  Marine x2  
  61  5:46  SCV x2  
  61  5:47  Siege Tank  
  66  5:57  Marine  
  66  5:59  SCV, Viking  
  66  6:01  Marine, Stimpack  
  66  6:02  SCV  
  70  6:06  Supply Depot  
  64  6:13  Marine  
  64  6:15  Marine, SCV x2  
  64  6:17  Barracks  
  68  6:19  Marine  
  68  6:25  Siege Tank  
  72  6:29  SCV x2  
  72  6:32  Supply Depot  
  74  6:33  Starport Reactor  
  74  6:36  Marine x2  
  74  6:37  Marauder  
  78  6:41  SCV x2  
  80  6:47  Refinery, Engineering Bay  
  80  7:00  SCV  
  78  7:06  Bunker  
  78  7:07  Siege Tank  
  81  7:08  Marine  
  81  7:09  Marine, Marauder  
  81  7:10  Barracks Tech Lab  
  69  7:23  SCV x2  
  69  7:26  Marine x2  
  69  7:28  Marauder  
  66  7:30  Marauder  
  66  7:35  SCV x2  
  66  7:40  Supply Depot  
  64  7:44  Marine x2  
  64  7:47  SCV  
  64  7:48  Siege Tank  
  67  7:53  Marine x2, Missile Turret  
  67  7:54  Bunker, Missile Turret  
  67  7:56  SCV  
  67  7:58  Refinery  
  68  7:59  SCV, Combat Shield  
  68  8:04  Marine x2  
  71  8:08  Viking x2  
  75  8:17  Marauder x2  
  79  8:22  Marine x2  
  81  8:32  Command Center  
  81  8:39  Terran Infantry Weapons Level 1  
  81  8:43  Barracks  
  81  8:44  Barracks  
  81  8:47  Marine x2  
  81  8:48  Medivac, Marauder x2  
  87  8:49  Medivac  
  87  8:53  SCV x2  
  93  9:02  Siege Tank  
  95  9:05  SCV x2  
  97  9:10  Marine  
  97  9:11  Marauder x2  
  97  9:16  Supply Depot  
  102  9:17  Supply Depot  
  102  9:22  Marine  
  103  9:26  Viking x2  
  104  9:35  Barracks Reactor  
  104  9:36  Barracks Tech Lab  
  103  9:39  Marine, Marauder  
  103  9:40  Marine, Marauder  
  109  9:52  Starport  
  109  9:53  SCV x2  
  109  9:55  Factory Reactor  
  109  9:58  Ghost Academy  
  109  9:59  Marine x3  
  114  10:00  Marine x2  
  114  10:06  SCV x2, Viking x2  
  122  10:13  Orbital Command  
  122  10:17  Marine  
  122  10:19  Missile Turret  
  122  10:20  SCV  
  125  10:21  SCV  
  125  10:29  Refinery x2  
  125  10:32  SCV  
  126  10:37  Terran Infantry Weapons Level 2  
  126  10:45  SCV x2  
  126  10:46  SCV  
  129  10:53  Viking  
  129  10:54  Viking  
  132  11:02  Supply Depot  
  132  11:03  Terran Ship Weapons Level 1  
  132  11:04  Missile Turret  
  132  11:06  Supply Depot  
  132  11:09  Missile Turret  
  132  11:11  Ghost x3  
  132  11:14  Marine x2  
  132  11:18  Supply Depot  
  140  11:26  Viking x2  
  140  11:32  Medivac x2  
  148  11:44  SCV x3  
  151  11:48  Command Center  
  149  11:56  Viking x2  
  153  12:02  Viking x2  
  153  12:04  Engineering Bay  
  153  12:05  Supply Depot x2  
  153  12:07  Ghost  
  159  12:17  Ghost x2  
  159  12:19  Marine x2  
  165  12:23  Supply Depot x2  
  165  12:26  Marine x2  
  167  12:30  Viking x2  
  168  12:45  Viking x2  
  168  12:59  Refinery  
  168  13:00  SCV x2, Viking x2  
  168  13:01  Sensor Tower  
  168  13:03  SCV  
  175  13:12  SCV x2  
  177  13:13  Missile Turret  
  177  13:15  SCV, Viking x2  
  181  13:24  Marine x2, Ghost x2  
  181  13:25  Marine x3  
  190  13:36  Sensor Tower  
  190  13:39  SCV  
  190  13:40  SCV x2  
  177  13:54  Marine x2, Marauder  

Tags
 
Add a new tag
Caveats
  • Supply blocks, unpowered buildings, or Contaminate may cause inaccurate times.
  • Supply counts are checked every 10 seconds.